 Dungeon Crawl Stone Soup version 0.31.0-11-ge490571c62 (webtiles) character file.

Game seed: 9058040751766700170

6594 Sobieck the Fighter (level 11, -12/122 (126) HPs)
             Began as an Oni Monk on Jan 30, 2024.
             Was an Elder of Okawaru.
             Killed by divine providence
             ... invoked by a meliai
              (13 damage)
             ... on level 8 of the Dungeon.
             The game lasted 00:24:41 (10068 turns).

Sobieck the Fighter (Oni Monk)                     Turns: 10068, Time: 00:24:42

HP:   -12/122 (126) AC:  9    Str: 21    XL:     11   Next: 2%
MP:   0/15          EV: 12    Int: 11    God:    Okawaru [****..]
Gold: 223           SH:  0    Dex: 11    Spells: 10/10 levels left

rFire   . . .        c - +0 morningstar
rCold   + . .        d - orb {light}
rNeg    . . .        x - +1 robe {rC+}
rPois   +            (helmet restricted)
rElec   .            y - +0 cloak
rCorr   .            (gloves unavailable)
SInv    .            (boots unavailable)
Will    +....        (no amulet)
Stlth   +            o - ring of poison resistance
HPRegen 0.40/turn    f - +4 ring of protection
MPRegen 0.14/turn

%: no passive effects
@: heroic, finesse-ful, slowed, glowing, lightly drained, very slow
A: large, unfitting armour, horns 1, tough skin 1, double potion healing,
drunken brawling
a: Renounce Religion, Heroism, Finesse


You were on level 8 of the Dungeon.
You worshipped Okawaru.
Okawaru was greatly pleased with you.
You visited 1 branch of the dungeon, and saw 8 of its levels.

You collected 283 gold pieces.
You spent 60 gold pieces at shops.

Inventory:

Hand Weapons
 a - a +0 mace
 c - a +0 morningstar (weapon)
 g - a +0 flail
 q - a +0 giant club
 s - a +2 flail
 v - a +0 heavy flail
 B - a +2 war axe of flaming
Missiles
 j - 23 stones
 k - 26 poisoned darts
 t - 13 boomerangs (quivered)
 w - 5 large rocks
 F - 2 curare-tipped darts
 Z - a throwing net
Armour
 b - a +0 robe
 d - an orb of light (worn)
 x - a +1 robe of cold resistance (worn)
 y - a +0 cloak (worn)
Jewellery
 f - a +4 ring of protection (right hand)
 n - a ring of positive energy
 o - a ring of poison resistance (left hand)
 p - a +6 ring of intelligence
 A - a ring of wizardry
Wands
 V - a wand of flame (57)
Scrolls
 m - a scroll of poison
 z - a scroll of silence {unknown}
Potions
 e - 3 potions of attraction
 h - a potion of resistance
 i - a potion of mutation
 l - a potion of enlightenment
 r - 3 potions of cancellation
 u - a potion of degeneration


   Skills:
 + Level 12.9(17.9) Fighting
 * Level 8.3(13.3) Maces & Flails
 + Level 9.0(14.0) Throwing
 - Level 4.0(9.0) Dodging
 + Level 6.1 Invocations


You had 10 spell levels left.
You didn't know any spells.
Your spell library contained the following spells:

 Spells                   Type           Power      Damage    Failure   Level
 Necrotise                Necr           0%         1d4       34%         1
 Vampiric Draining        Necr           0%         2d6       71%         3
 Passage of Golubria      Tloc           0%         N/A       98%         4
 Borgnjor's Vile Clutch   Necr/Erth      0%         N/A       100%        5
 Curse of Agony           Necr           0%         N/A       100%        5
 Iskenderun's Battlesphe  Conj           0%         2d6       100%        5
 Silence                  Hex/Air        0%         N/A       100%        5
 Bombard                  Conj/Erth      0%         9d1       100%        6
 Eringya's Noxious Bog    Alch           0%         4d6       100%        6
 Lehudib's Crystal Spear  Conj/Erth      0%         10d2      100%        8
 Chain Lightning          Conj/Air       0%         N/A       100%        9
 Fire Storm               Conj/Fire      0%         5d1       100%        9
 Shatter                  Erth           0%         3d5*      100%        9
 Animate Dead             Necr           Unusable   N/A       N/A         4
 Martyr's Knell           Necr/Summ      Unusable   N/A       N/A         4
 Summon Forest            Summ/Tloc      Unusable   N/A       N/A         5
 Death Channel            Necr           Unusable   N/A       N/A         6
 Spellforged Servitor     Conj/Summ      Unusable   N/A       N/A         7
 Summon Hydra             Summ           Unusable   N/A       N/A         7

Dungeon Overview and Level Annotations

Branches:
Dungeon (8/15)             Temple (0/1) D:7
   Lair: D:8-11

Altars:
Dithmenos
Nemelex Xobeh
Okawaru

Shops:
D:4 [   D:5 =   D:6 [*


Innate Abilities, Weirdness & Mutations

You are too large for most types of armour.
You have a pair of small horns on your head.
You have tough skin. (AC +1)
You gain doubled healing and magic from potions.
Whenever you drink a healing potion, you attack all around you.


Message History

Unknown command.
Okay, then.
You gain the combat prowess of a mighty hero.
The meliai hits you but does no damage.
You are confused.
The meliai stings you but does no damage.
The meliai hits you but does no damage.
You feel yourself slow down. The meliai barely misses you.
You take a swig of the potion and twirl your +0 morningstar.
You hit the meliai but do no damage. Your headbutt misses the meliai.
You savour every drop.
You feel better.
The meliai hits you with the +1 flail of a Labyrinth {chaos, Will+ Int+3 Dex+3}.
* * * LOW HITPOINT WARNING * * *
The meliai stings you but does no damage.
The meliai hits you with the +1 flail of a Labyrinth {chaos, Will+ Int+3 Dex+3}!
* * * LOW HITPOINT WARNING * * *
You feel your power leaking away.
The meliai stings you but does no damage.
The meliai hits you with the +1 flail of a Labyrinth {chaos, Will+ Int+3 Dex+3}.
* * * LOW HITPOINT WARNING * * *
The meliai stings you but does no damage.
Unknown command.
You can now deal lightning-fast blows.
The meliai hits you with the +1 flail of a Labyrinth {chaos, Will+ Int+3 Dex+3}!
* * * LOW HITPOINT WARNING * * *
The meliai freezes you.
* * * LOW HITPOINT WARNING * * *
The meliai stings you but does no damage.
The meliai hits you with the +1 flail of a Labyrinth {chaos, Will+ Int+3 Dex+3}!
* * * LOW HITPOINT WARNING * * *
The meliai stings you.
* * * LOW HITPOINT WARNING * * *
The meliai hits you with the +1 flail of a Labyrinth {chaos, Will+ Int+3 Dex+3}!
* * * LOW HITPOINT WARNING * * *
The meliai burns you.
* * * LOW HITPOINT WARNING * * *
The meliai misses you.
Unknown command.
Unknown command.
You hit the meliai.
The meliai is lightly wounded.
The meliai hits you with the +1 flail of a Labyrinth {chaos, Will+ Int+3 Dex+3}.
* * * LOW HITPOINT WARNING * * *
You feel your power leaking away. The meliai barely misses you.
You hit the meliai but do no damage.
The meliai is lightly wounded.
The meliai mumbles some strange prayers to its god against you.
Something smites you!
You die...

#.....##..####[###.....###..#.
#....##.##..###.#########..##†
#...[#)#####.##.# #. #..#...
#..<.#.##..#.#.###[ #.##...
####.###.##.##.# y #.....)
#.###.#.#..##.# #.##...
#.##.##.#####.# #..#...
#)##.###..##.# #######..##.
#####..##.####@y# #.#...###..#÷
#.......##..######.##.#..###...
#......).###'####..#..##..####)
#........#.....#..##...#...# ##
########.#.....#..#....##).###.
#.....)#.#.#)'..#..#..#..†#.#
#......#.....#÷.##....#..#)##
#....#.#.....#...#...##..##.#
#....#.########..##..#..#####


You could see a meliai (reflecting).

Vanquished Creatures
  A manticore (D:8)
  Joseph (D:8)
  A polar bear (shapeshifter) (D:8)
  A hornet (D:7)
  Sigmund (D:2)
  2 wraiths
  Eustachio (D:6)
  6 yaks (D:8)
  A steam dragon (D:8)
  A vampire mosquito (D:8)
  5 orc warriors
  2 sky beasts
  3 ice beasts (D:5)
  2 ogres (D:6)
  5 centaurs
  4 kobold brigands
  A phantom (D:7)
  5 wights
  4 scorpions (D:5)
  5 killer bees
  A howler monkey (D:8)
  3 bombardier beetles
  2 hounds
  5 orc priests
  A gnoll bouda (D:8)
  3 jellies (D:5)
  Jessica (D:3)
  6 iguanas
  2 sleepcaps
  Natasha (D:1)
  12 orc wizards
  4 gnolls
  8 adders
  A white imp (D:8)
  An ufetubus (D:5)
  5 dart slugs
  26 orcs
  4 ball pythons
  9 endoplasms
  4 giant cockroaches
  4 goblins
  2 hobgoblins
  9 jackals
  6 quokkas
  2 bats (D:1)
  4 frilled lizards
  16 kobolds
  11 rats
205 creatures vanquished.

Notes
Turn   | Place    | Note
-------+----------+-------------------------------------------
     0 | D:1      | Sobieck the Oni Monk began the quest for the Orb.
     0 | D:1      | Reached XP level 1. HP: 24/24 MP: 1/1
   185 | D:1      | Reached XP level 2. HP: 32/32 MP: 2/2
   451 | D:1      | Reached skill level 1 in Throwing
   778 | D:2      | Noticed Natasha
   806 | D:1      | Killed Natasha
   807 | D:1      | Reached XP level 3. HP: 34/41 MP: 3/3
   919 | D:2      | Noticed Sigmund
   924 | D:2      | Killed Sigmund
   925 | D:2      | Reached skill level 6 in Fighting
   925 | D:2      | Reached skill level 3 in Throwing
   925 | D:2      | Reached XP level 4. HP: 37/52 MP: 4/4
   925 | D:2      | Reached XP level 5. HP: 42/59 MP: 5/5
  1348 | D:2      | Reached XP level 6. HP: 68/68 MP: 6/6
  1666 | D:3      | Found a shadowy altar of Dithmenos.
  1723 | D:3      | Noticed Jessica
  1730 | D:3      | Killed Jessica
  1900 | D:3      | Reached skill level 7 in Fighting
  2572 | D:4      | Found an iron altar of Okawaru.
  2657 | D:4      | Became a worshipper of Warmaster Okawaru
  2657 | D:4      | Reached * piety under Okawaru
  2657 | D:4      | Reached ** piety under Okawaru
  2757 | D:4      | Reached skill level 1 in Invocations
  2935 | D:4      | Found a sparkling altar of Nemelex Xobeh.
  2977 | D:4      | Found Hecluny's Armour Shop.
  3356 | D:5      | Entered Level 5 of the Dungeon
  3356 | D:5      | Noticed an ice beast
  3393 | D:5      | Noticed an ice beast
  3487 | D:5      | Killed an ice beast
  3488 | D:5      | Reached XP level 7. HP: 68/79 MP: 5/8
  3571 | D:5      | Reached skill level 8 in Fighting
  3613 | D:5      | Reached skill level 3 in Invocations
  3624 | D:5      | HP: 4/80 [orc warrior/+1 halberd of pain (13)]
  4103 | D:5      | Found Xuduack's Jewellery Emporium.
  4646 | D:5      | Reached XP level 8. HP: 85/89 MP: 10/10
  4763 | D:5      | Reached skill level 9 in Fighting
  5006 | D:5      | Reached skill level 6 in Maces & Flails
  5268 | D:5      | Reached *** piety under Okawaru
  5533 | D:6      | Noticed Eustachio
  5544 | D:6      | Killed Eustachio
  5545 | D:6      | Reached skill level 10 in Fighting
  5574 | D:5      | Reached XP level 9. HP: 82/101 MP: 10/12
  5748 | D:6      | Reached skill level 6 in Throwing
  6167 | D:6      | Reached skill level 11 in Fighting
  6343 | D:6      | Found Plog's Armour Shop.
  6699 | D:6      | Found Kazegut's General Store.
  6710 | D:6      | Bought a potion of degeneration for 15 gold pieces
  6710 | D:6      | Bought a scroll of teleportation for 45 gold pieces
  7239 | D:7      | Reached skill level 12 in Fighting
  7247 | D:7      | Found a staircase to the Ecumenical Temple.
  7408 | D:7      | Noticed a hornet
  7414 | D:7      | Paralysed by a hornet for 3 turns
  7418 | D:7      | Killed a hornet
  7419 | D:7      | Reached XP level 10. HP: 52/115 MP: 11/13
  7903 | D:8      | Reached skill level 3 in Dodging
  8445 | D:8      | Noticed Joseph
  8456 | D:8      | Killed Joseph
  8456 | D:8      | Reached **** piety under Okawaru
  9693 | D:8      | Noticed a manticore
  9694 | D:8      | Noticed a black mamba
  9702 | D:8      | a black mamba changed into a polar bear
  9705 | D:8      | Killed a manticore
  9706 | D:8      | Reached skill level 6 in Invocations
  9714 | D:8      | Reached skill level 9 in Throwing
  9714 | D:8      | Reached XP level 11. HP: 17/126 MP: 8/15
 10058 | D:8      | Identified the +1 flail of a Labyrinth {chaos, Will+ Int+3
                  | Dex+3}
 10067 | D:8      | HP: 1/122 [meliai/the +1 flail of a Labyrinth {chaos, Will+
                  | Int+3 Dex+3} (6)]
 10068 | D:8      | Killed from afar by a meliai

Illustrated notes

Levels and vault maps discovered:
D:1:      reono_arrival_forest_river, layout_loops_ring
D:2:      layout_loops_ring, minmay_misc_feat_rugged, uniq_natasha, uniq_sigmund
D:3:      layout_basic, mainiacjoe_overflow_concentric_impassable, uniq_jessica
D:4:      layout_basic, mainiacjoe_overflow_paths, mainiacjoe_overflow_brackets,
          serial_shops, nicolae_shop_waterfront,
          hangedman_abyss_or_decor_stagger, bh_walls_and_bars
D:5:      minmay_razor_zed, layout_gridville, serial_shops, nicolae_shop_stone,
          supply_closet_lemuel
D:6:      layout_basic, serial_shops, nicolae_shop_trees,
          minmay_shop_grid_forest, grunt_ministairs_7, serial_bayou_pond_c,
          uniq_eustachio
D:7:      layout_rooms, minmay_temple_entry_slanted, lightli_orcish_oven
D:8:      minmay_the_grid_octo_tiled_squarecenter [minmay_the_grid_octo_horde,
          minmay_the_grid_octo_odd_swirl, minmay_the_grid_octo_fan_narrow,
          minmay_the_grid_octo_tetromino_candy,
          minmay_the_grid_square_5x5_megaprize_checkered,
          minmay_the_grid_square_5x5_two_walls_b,
          minmay_the_grid_square_5x5_minimal,
          minmay_the_grid_square_5x5_shrine2, minmay_the_grid_square_5x5_forky],
          layout_rooms, uniq_joseph

Skill      XL: |  1  2  3  4  5  6  7  8  9 10 |
---------------+-------------------------------+-----
Throwing       | 1 3 5 8 9 |  9.0
Fighting       | 6 7 8 10 12 | 12.9
Maces & Flails | 4 6 8 |  8.3
Invocations    | 2 3 4 6 |  6.1
Dodging        | 4 |  4.0

Action                     |  1- 3 |  4- 6 |  7- 9 | 10-12 || total
---------------------------+-------+-------+-------+-------++-------
  Melee: Mace              |    51 |   107 |   143 |       ||   301
         Headbutt          |     7 |    10 |    84 |    56 ||   157
         Flail             |       |       |   157 |   155 ||   312
         Morningstar       |       |       |       |    27 ||    27
  Throw: Stone             |       |     4 |    36 |    11 ||    51
         Boomerang         |       |       |    72 |    37 ||   109
         Large rock        |       |       |       |     5 ||     5
         Dart              |       |       |       |     2 ||     2
 Invoke: Heroism           |       |     2 |     7 |     5 ||    14
         Finesse           |       |       |       |     2 ||     2
    Use: Potion            |     3 |       |     3 |     2 ||     8
         Scroll            |       |     5 |     4 |     3 ||    12
 Armour: Robe              |    43 |    59 |   245 |   169 ||   516
         Skin              |       |       |    30 |       ||    30
  Dodge: Dodged            |    37 |    54 |   173 |   106 ||   370
